 Dungeon Crawl Stone Soup version 0.32-a0-918-g0f22ef8d61 (webtiles) character file.

Game seed: 8844608887179225333

3859 Arkalis the Carver (level 9, -16/78 (79) HPs)
             Began as a Demonspawn Chaos Knight on Apr 11, 2024.
             Was a Plaything of Xom.
             Demolished by a +0 club (21 damage)
             ... animated by Xom
             ... on level 8 of the Dungeon.
             The game lasted 00:29:47 (8445 turns).

Arkalis the Carver (Demonspawn Chaos Knight)        Turns: 8445, Time: 00:29:47

HP:   -16/78 (79)   AC: 21    Str: 11    XL:     9   Next: 99%
MP:   9/9           EV: 15    Int: 12    God:    Xom [.....*]
Gold: 383           SH:  4    Dex: 27    Spells: 4/8 levels left

rFire   + . .        x - +6 scimitar
rCold   + . .        (no shield)
rNeg    . . .        b - +2 leather armour
rPois   +            (no helmet)
rElec   +            B - +1 cloak {Stlth+}
rCorr   +            (no gloves)
SInv    +            q - +0 pair of boots
Will    .....        (no amulet)
Stlth   ++++         z - +6 ring of dexterity
HPRegen 0.33/turn    D - ring of see invisible
MPRegen 0.11/turn

%: no passive effects
@: resistant, sanguine armoured, lightly drained
A: hooves 2, icemail 1, powered by death 1, sanguine armour 2, condensation
shield, agile 1, mutation resistance 2, robust 1, wild magic 1
a: Renounce Religion


You were on level 8 of the Dungeon.
You worshipped Xom.
You were Xom's teddy bear.
You visited 2 branches of the dungeon, and saw 9 of its levels.
You also visited: Ossuary.

You collected 383 gold pieces.

Inventory:

Hand Weapons
 a - a +0 falchion of chaos
 x - a +6 scimitar (weapon)
Missiles
 l - 26 poisoned darts
 s - 3 curare-tipped darts (quivered)
 v - a throwing net
Armour
 b - a +2 leather armour (worn)
 q - a +0 pair of boots (worn)
 A - a +0 crystal plate armour
 B - a +1 cloak of stealth (worn)
Jewellery
 z - a +6 ring of dexterity (left hand)
 D - a ring of see invisible (right hand)
Wands
 E - a wand of paralysis (5)
Scrolls
 d - a scroll of noise
 e - a scroll of fog
 h - a scroll of enchant weapon {unknown}
 i - a scroll of vulnerability
 m - a scroll of amnesia
 n - 2 scrolls of butterflies
 o - a scroll of silence
 p - a scroll of teleportation {unknown}
 y - a scroll of enchant armour {unknown}
 C - a scroll of revelation {unknown}
Potions
 c - 2 potions of magic {unknown}
 g - 2 potions of curing {unknown}
 j - a potion of ambrosia {unknown}
 k - 5 potions of enlightenment
 r - 4 potions of attraction
 t - a potion of berserk rage {unknown}
 u - 2 potions of resistance {unknown}
 w - 2 potions of mutation {unknown}


   Skills:
 + Level 7.0 Fighting
 + Level 8.9 Long Blades
 + Level 0.1 Throwing
 + Level 4.3 Armour
 + Level 5.1 Dodging
 + Level 3.8 Stealth
 + Level 3.0 Shields


You had 4 spell levels left.
You knew the following spells:

 Your Spells              Type           Power      Damage    Failure   Level
a - Summon Ice Beast      Ice/Summ       0%         N/A       83%         3
b - Slow                  Hex            0%         N/A       47%         1

Your spell library contained the following spells:

 Spells                   Type           Power      Damage    Failure   Level
 Kiss of Death            Conj/Necr      0%         2d5       47%         1
 Lesser Beckoning         Tloc           0%         N/A       63%         2
 Confusing Touch          Hex            0%         N/A       83%         3
 Hailstorm                Conj/Ice       0%         3d5       83%         3
 Maxwell's Portable Pile  Tloc           0%         2d(5-13)  83%         3
 Teleport Other           Tloc           0%         N/A       83%         3
 Vampiric Draining        Necr           0%         2d6       83%         3
 Dispel Undead            Necr           0%         3d6       99%         4
 Death Channel            Necr           0%         N/A       100%        6
 Permafrost Eruption      Ice/Erth       0%         2x4d1     100%        6
 Sculpt Simulacrum        Ice/Alch       0%         N/A       100%        6
 Summon Cactus Giant      Summ           0%         N/A       100%        6
 Borgnjor's Revivificati  Necr           0%         N/A       100%        8


Dungeon Overview and Level Annotations

Branches:
Dungeon (8/15)             Temple (1/1) D:4         Ossuary (visited)
   Lair: D:8-11

Altars:
Ashenzari
Cheibriados
Dithmenos
Fedhas
Gozag
Hepliaklqana
Kikubaaqudgha
Makhleb
Nemelex Xobeh
Okawaru
Qazlal
Ru
Sif Muna
Trog
Uskayaw
Vehumet
Wu Jian
Xom
Yredelemnul

Portals:
Abyss: D:4

Annotations:
D:4 2 transporters, smashvw's ghost, amateur MiBe


Innate Abilities, Weirdness & Mutations

You have hoof-like feet.
A meltable icy envelope protects you from harm. (AC +4)
You regenerate a little health from kills.
When seriously injured, your blood forms thick armour. (AC +9)
A meltable shield of frost defends you. (SH +4)
You are agile. (Dex +4, Str/Int -1)
You are somewhat resistant to both further mutation and mutation removal.
You are robust. (+10% HP)
Your spells are a little harder to cast, but a little more powerful.


Message History

The orc misses you. The orc wizard closely misses you.
The orc warrior hits you but does no damage.
The wight misses you.
Unknown command.
You slash the +0 club!
The +0 club is moderately damaged.
You feel less confused.
The +0 club hits you but does no damage.
The orc hits you but does no damage. The orc barely misses you.
The orc wizard hits you but does no damage.
You feel drained.
The orc warrior hits you but does no damage.
The wight completely misses you.
The +0 club hits you but does no damage.
You closely miss the orc wizard. The orc barely misses you.
You block the orc's attack. The orc wizard barely misses you.
The wight hits you from afar with a +0 halberd.
* * * LOW HITPOINT WARNING * * *
The orc warrior misses you. The +0 club barely misses you.
You slash the orc wizard!
The orc wizard is almost dead.
The orc hits you but does no damage. The orc closely misses you.
The orc wizard gestures at you while chanting.
The magic dart hits you but does no damage.
The +0 club hits you.
* * * LOW HITPOINT WARNING * * *
The wight barely misses you. The orc warrior closely misses you.
You slice the orc wizard!!
You kill the orc wizard!
The +0 club hits you!
* * * LOW HITPOINT WARNING * * *
The orc hits you but does no damage. The orc misses you.
The orc warrior hits you with a +0 halberd.
* * * LOW HITPOINT WARNING * * *
The wight completely misses you.
You slash the orc!
You kill the orc!
The +0 club hits you!!
You die...
Xom giggles madly!

..## #..# ..# ##..#
.########...#
....##......#
.(...[......##
.............##
.....##.......###
..########....oo####
### #....z)@(.# #
#...###.$.## .
#...## ##### .
#...## #...# ...#


You could see an orc warrior, a wight, a +0 club and an orc.

Vanquished Creatures
  Sigmund (D:3)
  Menkaure (D:5)
  2 water moccasins
  Duvessa (D:5)
  An ice beast (D:5)
  4 black bears
  A sky beast (D:7)
  2 ogres
  A centaur (D:7)
  A phantom (D:7)
  2 kobold brigands
  3 elf zombies
  2 bullfrogs
  3 elf skeletons (D:6)
  A scorpion (D:5)
  7 wights
  Dowan (D:5)
  2 bombardier beetles (D:5)
  4 hounds
  3 centaur zombies (Ossuary)
  2 jellies
  Crazy Yiuf (D:6)
  3 gnoll boudas
  A human skeleton (D:6)
  5 iguanas (D:6)
  A sleepcap (D:5)
  2 orc wizards
  7 hound zombies (Ossuary)
  A mummy (Ossuary)
  20 gnolls
  3 adders
  A shadow imp (D:6)
  2 white imps
  2 ufetubi (D:7)
  7 adder zombies (Ossuary)
  2 dart slugs
  3 ribbon worms
  14 orcs
  3 endoplasms
  2 giant cockroaches
  5 gnoll zombies (Ossuary)
  5 hobgoblins
  3 jackals (D:2)
  3 quokkas
  7 ball pythons
  5 bats
  5 frilled lizards
  2 goblins
  7 jackal zombies (Ossuary)
  31 kobolds
  3 kobold zombies (Ossuary)
  5 orc zombies
  7 rats
213 creatures vanquished.

Vanquished Creatures (collateral kills)
  An elf zombie (Ossuary)
  A scorpion (D:6)
  An orc wizard (D:8)
  A mummy (Ossuary)
  3 gnolls
7 creatures vanquished.

Vanquished Creatures (others)
  A kobold zombie (D:7)
1 creature vanquished.

Grand Total: 221 creatures vanquished

Notes
Turn   | Place    | Note
-------+----------+-------------------------------------------
     0 | D:1      | Arkalis the Demonspawn Chaos Knight began the quest for the
                  | Orb.
     0 | D:1      | Reached XP level 1. HP: 18/18 MP: 1/1
   293 | D:1      | Gained mutation: When seriously injured, your blood forms
                  | armour. (AC +9) [demonic ancestry]
   293 | D:1      | Reached XP level 2. HP: 24/24 MP: 2/2
   843 | D:1      | XOM: cloud trail
  1065 | D:2      | Reached skill level 3 in Long Blades
  1069 | D:2      | Reached skill level 1 in Dodging
  1299 | D:2      | Reached XP level 3. HP: 24/29 MP: 3/3
  1299 | D:2      | XOM: smoke on damage
  1407 | D:2      | Identified the +1 whip "Mybee" {flame, rF++}
  2102 | D:3      | XOM: stat loss: -1 Dex (13/14)
  2227 | D:3      | Noticed Sigmund
  2231 | D:3      | XOM: fake destruction
  2246 | D:3      | Killed Sigmund
  2247 | D:3      | Reached skill level 4 in Long Blades
  2247 | D:3      | Gained mutation: A meltable shield of frost defends you.
                  | (SH +4) [demonic ancestry]
  2247 | D:3      | Reached XP level 4. HP: 37/37 MP: 4/4
  2247 | D:3      | Gained mutation: You regenerate a little health from kills.
                  | [demonic ancestry]
  2247 | D:3      | Reached XP level 5. HP: 42/42 MP: 5/5
  2321 | D:3      | XOM: draining
  2382 | D:3      | Found a faded altar of an unknown god.
  2584 | D:4      | Found a staircase to the Ecumenical Temple.
  2630 | Temple   | Entered the Ecumenical Temple
  2809 | D:4      | Found a transporter.
  2839 | D:4      | Found a transporter.
  2892 | D:4      | Found a one-way gate to the infinite horrors of the Abyss.
  2892 | D:4      | Noticed smashvw's ghost (amateur MiBe)
  2893 | D:4      | Noticed a small abomination
  2911 | D:4      | Noticed a small abomination
  3107 | D:4      | Noticed an ogre
  3114 | D:4      | XOM: cast spell 'Summon Cactus Giant'
  3169 | D:4      | XOM: snakes to sticks
  3186 | D:4      | XOM: silly message
  3192 | D:4      | Identified a scroll of acquirement
  3192 | D:4      | Acquired the +1 pair of gloves of Hepliaklqana {*Slow rPois
                  | rF- rCorr}
  3209 | D:4      | XOM: confuse monster(s)
  3224 | D:4      | Killed an ogre
  3225 | D:4      | Reached skill level 1 in Stealth
  3225 | D:4      | Reached XP level 6. HP: 43/48 MP: 6/6
  3360 | D:4      | XOM: divination: magic mapping
  3364 | D:4      | XOM: enchant monster (bad)
  3571 | D:5      | Entered Level 5 of the Dungeon
  3627 | D:5      | Reached skill level 5 in Long Blades
  3642 | D:5      | Found a burning altar of Makhleb.
  3661 | D:5      | XOM: cleaving
  3723 | D:5      | Noticed an ice beast
  3723 | D:5      | XOM: summons 2 friendly demons
  3735 | D:5      | Killed an ice beast
  3736 | D:5      | Gained mutation: A meltable icy envelope protects you from
                  | harm. (AC +4) [demonic ancestry]
  3736 | D:5      | Reached XP level 7. HP: 36/55 MP: 7/7
  3838 | D:5      | Noticed Menkaure
  3848 | D:5      | Killed Menkaure
  3938 | D:5      | XOM: smoke on damage
  3944 | D:5      | Reached skill level 6 in Long Blades
  3944 | D:5      | Reached skill level 1 in Shields
  4150 | D:5      | Noticed Dowan
  4150 | D:5      | Noticed Duvessa
  4170 | D:5      | XOM: smoke on damage
  4197 | D:6      | XOM: summons friendly white imp
  4321 | D:6      | XOM: divination: magic mapping
  4322 | D:6      | XOM: cleaving
  4325 | D:6      | XOM: enchant monster (good)
  4332 | D:6      | Gained mutation: When seriously injured, your blood forms
                  | thick armour. (AC +9) [demonic ancestry]
  4332 | D:6      | Reached XP level 8. HP: 43/61 MP: 8/8
  4335 | D:6      | XOM: potion effect (might)
  4353 | D:6      | Reached skill level 5 in Fighting
  4398 | D:6      | XOM: cleaving
  4537 | D:6      | Found a sand-covered staircase.
  4593 | Ossuary  | Entered an ossuary
  4628 | Ossuary  | Reached skill level 7 in Long Blades
  4797 | Ossuary  | XOM: confuse monster(s)
  4846 | Ossuary  | XOM: cast spell 'Summon Hydra'
  5272 | D:6      | Gained mutation: You have large cloven feet. [demonic
                  | ancestry]
  5272 | D:6      | Reached XP level 9. HP: 38/69 MP: 9/9
  5273 | D:6      | XOM: scenery: create altars
  5560 | D:6      | XOM: give mutations
  5560 | D:6      | Gained mutation: You are robust. (+10% HP) [Xom's grace]
  5560 | D:6      | Gained mutation: You are agile. (Dex +4, Str/Int -1) [Xom's
                  | grace]
  5560 | D:6      | Gained mutation: Your spells are a little harder to cast,
                  | but a little more powerful. [Xom's grace]
  5573 | D:6      | XOM: potion effect (curing)
  5586 | D:6      | Reached skill level 8 in Long Blades
  5659 | D:6      | XOM: snakes to sticks
  5674 | D:6      | XOM: summons friendly ufetubus
  5824 | D:6      | XOM: butterfly on damage
  5914 | D:6      | XOM: summons 3 hostile shadow creatures
  5917 | D:6      | XOM: polymorph hound -> orc
  6019 | D:6      | XOM: give mutations
  6019 | D:6      | Gained mutation: You are somewhat resistant to further
                  | mutation. [Xom's grace]
  6019 | D:6      | Gained mutation: You have hoof-like feet. [Xom's grace]
  6019 | D:6      | Gained mutation: You are somewhat resistant to both further
                  | mutation and mutation removal. [Xom's grace]
  6090 | D:6      | XOM: god gift: Xom's Incunable of Annoyance {god gift}
  6091 | D:6      | Got Xom's Incunable of Annoyance {god gift}
  6096 | D:6      | Learned a level 3 spell: Summon Ice Beast
  6178 | D:6      | Found a runed translucent door.
  6179 | D:6      | Noticed Crazy Yiuf
  6341 | D:6      | XOM: god gift: scroll of butterflies
  6391 | D:6      | Killed Crazy Yiuf
  6779 | D:5      | XOM: divination: detect items
  6801 | D:5      | Killed Duvessa
  6806 | D:5      | Killed Dowan
  7044 | D:5      | Noticed a +0 spear
  7044 | D:5      | Noticed a +0 short sword
  7044 | D:5      | Noticed a +0 falchion
  7044 | D:5      | Noticed a +0 dagger
  7044 | D:5      | Noticed Blork the orc
  7044 | D:5      | Noticed a +0 dagger
  7045 | D:5      | Noticed a +0 spear
  7062 | D:5      | XOM: 4-stop teleportation journey
  7120 | D:5      | Noticed a +0 short sword
  7120 | D:5      | Noticed a +0 falchion
  7139 | D:5      | XOM: cleaving
  7161 | D:5      | Blork the orc changed into Blork the bat
  7161 | D:5      | Noticed Blork
  7161 | D:5      | XOM: polymorph Blork the orc -> Blork the bat
  7163 | D:5      | Killed Blork the bat
  7187 | D:5      | XOM: scenery: summon butterflies
  7211 | D:5      | XOM: scenery: create altars
  7218 | D:5      | Found a hide-covered altar of Uskayaw.
  7256 | D:5      | Learned a level 1 spell: Slow
  7440 | D:7      | Identified the +3 flail of Qyet {heavy, rN+}
  7621 | D:7      | XOM: polymorph orc -> quokka
  7670 | D:7      | XOM: 7-stop teleportation journey
  7743 | D:7      | XOM: scenery: summon butterflies
  7779 | D:7      | XOM: divination: magic mapping
  7899 | D:7      | XOM: silly message
  7989 | D:7      | XOM: silly message
  8127 | D:7      | Reached skill level 5 in Dodging
  8150 | D:7      | XOM: silly message
  8199 | D:7      | XOM: silly message
  8401 | D:8      | XOM: repel stairs
  8415 | D:8      | XOM: chaos upgrade
  8419 | D:8      | XOM: confusion
  8437 | D:8      | XOM: god gift: 39 gold pieces
  8438 | D:8      | XOM: divination: detect creatures
  8445 | D:8      | Demolished by a +0 club

Illustrated notes

Levels and vault maps discovered:
D:1:      co_arrival_random_square_maze, layout_basic
D:2:      minmay_wonky_spiral, layout_loops_ring, kennysheep_pointless_box
D:3:      layout_loops_cross, dilly_ecumenical_altar_fadedgnrine, uniq_sigmund
D:4:      layout_loops_cross, minmay_temple_entry_stoned_glass,
          gammafunk_ghost_abyssal_escape
D:5:      layout_loops_ring, nicolae_uskayaw_en_pointe, bloody_makhleb,
          uniq_menkaure, uniq_blork_the_orc, uniq_duvessa
D:6:      layout_cave_pools, nicolae_ossuary_entry_catacombs,
          kennysheep_generic_room_7, uniq_crazy_yiuf_cottage
D:7:      kennysheep_kobold_camp, layout_cave_pools
D:8:      layout_layer_cave, lair_entry_dummy
Temple:   nicolae_temple_bog_church

Skill      XL: |  1  2  3  4  5  6  7  8  9 |
---------------+----------------------------+-----
Armour         | 2 3 4 |  4.3
Long Blades    | 3 4 5 6 7 8 |  8.9
Dodging        | 1 2 3 5 |  5.1
Fighting       | 4 5 7 |  7.0
Stealth        | 1 3 |  3.8
Shields        | 1 2 3 |  3.0
Throwing       | |  0.1

Action                     |  1- 3 |  4- 6 |  7- 9 || total
---------------------------+-------+-------+-------++-------
  Melee: Falchion          |   133 |    77 |   750 ||   960
         Scimitar          |       |       |    15 ||    15
  Throw: Dart              |     1 |       |     1 ||     2
    Use: Scroll            |       |    10 |     3 ||    13
         Potion            |       |       |     9 ||     9
   Stab: Confused          |     1 |       |     8 ||     9
         Sleeping          |     1 |     1 |     1 ||     3
         Petrifying        |       |       |     3 ||     3
         Petrified         |       |       |    10 ||    10
         Paralysed         |       |       |     1 ||     1
         Distracted        |       |       |     1 ||     1
 Armour: Leather armour    |   107 |    50 |   603 ||   760
  Dodge: Dodged            |    73 |    50 |   643 ||   766
  Block: Other             |       |    18 |   164 ||   182

Table legend: (Time is in decaauts)
 A = Elapsed time spent in this place.
 B = Non-inter-level travel time spent in this place.
 C = Inter-level travel time spent in this place.
 D = Time resting spent in this place.
 E = Time spent auto-exploring this place.
 F = Levels seen in this place.
 G = Mean time per level.
                   A        B        C        D        E       F      G
               +--------+--------+--------+--------+--------+-----+--------+
         Total |   8432 |   8116 |    316 |      0 |   4856 |  10 |  843.2 |
       Dungeon |   7847 |   7534 |    313 |      0 |   4750 |   8 |  980.9 |
        Temple |    111 |    108 |      3 |      0 |      0 |   1 |  111.0 |
       Ossuary |    473 |    473 |      0 |      0 |    106 |   1 |  473.0 |
               +--------+--------+--------+--------+--------+-----+--------+

Top non-repeatable levels by time:
     D:6: 1821 daAuts
     D:5: 1482 daAuts
     D:1: 1029 daAuts
     D:7: 949 daAuts
     D:4: 904 daAuts
     D:2: 858 daAuts
     D:3: 708 daAuts
 Ossuary: 473 daAuts
  Temple: 111 daAuts
     D:8: 92 daAuts
